3016 views
Uploaded 2020-02-07 01:47:58
Game version 1.32 / 1.32.1
18:31 long 1on1 ladder game on (3)NomadIsles
Saved by BEARAND
3016 views
Uploaded 2020-02-07 01:47:58
Game version 1.32 / 1.32.1
18:31 long 1on1 ladder game on (3)NomadIsles

30 units @ 4.9k
/ 0.8k
17 buildings @ 2.6k
/ 1k



| Rod of Necromancy | 2 | 300 |
| Scroll of Healing | 1 | 250 |
| Potion of Lesser Invulnerability | 1 | 150 |
| Circlet of Nobility | 1 | 175 |
| Boots of Speed | 1 | 250 |
| Periapt of Vitality | 1 | 325 |
| total: | 7 | 1450g |
| Acolyte | 8 | 600 | / | 0 |
| Ghoul | 5 | 600 | / | 0 |
| Crypt Fiend | 7 | 1505 | / | 280 |
| Obsidian Statue | 4 | 800 | / | 140 |
| Meat Wagon | 2 | 460 | / | 100 |
| Abomination | 4 | 960 | / | 280 |
| total: | 30 | 4925g | / | 800w |
| Nerubian Tower | 1 | 100 | / | 20 |
| Spirit Tower | 2 | 290 | / | 80 |
| Crypt | 2 | 400 | / | 100 |
| Altar of Darkness | 1 | 180 | / | 50 |
| Ziggurat | 10 | 1500 | / | 500 |
| Tomb of Relics | 1 | 130 | / | 30 |
| Graveyard | 1 | 215 | / | 0 |
| Slaughterhouse | 1 | 140 | / | 135 |
| Sacrificial Pit | 1 | 75 | / | 150 |
| Halls of the Dead | 1 | 320 | / | 210 |
| Black Citadel | 1 | 325 | / | 230 |
| total: | 17 | 2640g | / | 965w |
| 0:13 | Crypt |
| 0:16 | Crypt |
| 0:19 | Altar of Darkness |
| 0:23 | Ziggurat |
| 0:30 | Acolyte |
| 0:44 | Acolyte |
| 1:07 | Tomb of Relics |
| 1:18 | Ghoul |
| 1:31 | Ghoul |
| 1:48 | Graveyard |
| 1:54 | Acolyte |
| 2:08 | Ghoul |
| 2:21 | Rod of Necromancy |
| 2:39 | Ziggurat |
| 2:52 | Death Coil |
| 3:33 | Crypt Fiend |
| 3:37 | Halls of the Dead |
| 4:06 | Crypt Fiend |
| 4:13 | Ziggurat |
| 4:59 | Crypt Fiend |
| 5:02 | Creature Attack |
| 5:05 | Ziggurat |
| 5:10 | Nerubian Tower |
| 5:24 | Rod of Necromancy |
| 7:05 | Unholy Aura |
| 7:16 | Frost Nova |
| 7:34 | Slaughterhouse |
| 7:38 | Sacrificial Pit |
| 7:54 | Acolyte |
| 7:54 | Acolyte |
| 7:54 | Acolyte |
| 7:55 | Acolyte |
| 8:10 | Crypt Fiend |
| 8:11 | Crypt Fiend |
| 9:05 | Obsidian Statue |
| 9:06 | Obsidian Statue |
| 9:09 | Acolyte |
| 9:34 | Improved Creature Attack |
| 9:39 | Black Citadel |
| 10:29 | Obsidian Statue |
| 10:29 | Obsidian Statue |
| 10:32 | Meat Wagon |
| 10:33 | Meat Wagon |
| 10:45 | Ziggurat |
| 10:48 | Ziggurat |
| 11:57 | Death Coil |
| 12:00 | Frost Armor |
| 12:12 | Spirit Tower |
| 12:18 | Ziggurat |
| 12:30 | Crypt Fiend |
| 12:30 | Crypt Fiend |
| 12:40 | Ghoul |
| 12:40 | Ghoul |
| 12:42 | Abomination |
| 12:42 | Abomination |
| 12:43 | Abomination |
| 13:27 | Rain of Fire |
| 14:34 | Web |
| 15:41 | Cleaving Attack |
| 15:47 | Potion of Lesser Invulnerability |
| 15:49 | Circlet of Nobility |
| 15:50 | Boots of Speed |
| 15:50 | Periapt of Vitality |
| 15:55 | Scroll of Healing |
| 16:11 | Ziggurat |
| 16:13 | Ziggurat |
| 16:14 | Ziggurat |
| 16:17 | Spirit Tower |
| 16:43 | Frost Nova |
| 16:57 | Advanced Creature Attack |
| 16:57 | Creature Carapace |
| 16:59 | Disease Cloud |
| 16:59 | Abomination |
| Right click | 399 |
| Select | 231 |
| Build/train/purchase | 75 |
| Chat | 36 |
| Use ability | 17 |
| Remove unit | 5 |
| Misc. action | 3 |
26 units @ 2.8k
/ 0.2k
90 buildings @ 4.6k
/ 2.5k



| Scroll of Regeneration | 3 | 300 |
| Potion of Healing | 1 | 150 |
| Lesser Clarity Potion | 1 | 70 |
| Staff of Sanctuary | 3 | 750 |
| Orb of Fire | 1 | 325 |
| Boots of Speed | 3 | 750 |
| Staff of Teleportation | 3 | 450 |
| Periapt of Vitality | 1 | 325 |
| Circlet of Nobility | 1 | 175 |
| total: | 17 | 3295g |
| Peasant | 20 | 1500 | / | 0 |
| Priest | 1 | 135 | / | 10 |
| Sorceress | 1 | 155 | / | 20 |
| Dragonhawk Rider | 3 | 600 | / | 90 |
| Goblin Shredder | 1 | 375 | / | 100 |
| total: | 26 | 2765g | / | 220w |
| Scout Tower | 74 | 2220 | / | 1480 |
| Arcane Tower | 4 | 280 | / | 200 |
| Guard Tower | 41 | 2870 | / | 2050 |
| Altar of Kings | 1 | 180 | / | 50 |
| Farm | 6 | 480 | / | 120 |
| Lumber Mill | 1 | 120 | / | 0 |
| Arcane Vault | 2 | 260 | / | 60 |
| Town Hall | 2 | 770 | / | 410 |
| Blacksmith | 1 | 140 | / | 60 |
| Barracks | 1 | 160 | / | 60 |
| Arcane Sanctum | 1 | 150 | / | 140 |
| Gryphon Aviary | 1 | 140 | / | 150 |
| Keep | 1 | 320 | / | 210 |
| Castle | 1 | 360 | / | 210 |
| total: | 90 | 4620g | / | 2530w |
| 0:02 | Peasant |
| 0:02 | Peasant |
| 0:08 | Altar of Kings |
| 0:18 | Farm |
| 0:19 | Peasant |
| 0:26 | Peasant |
| 0:29 | Scout Tower |
| 0:32 | Farm |
| 0:34 | Farm |
| 0:35 | Peasant |
| 0:50 | Peasant |
| 0:58 | Peasant |
| 1:04 | Lumber Mill |
| 1:14 | Peasant |
| 1:35 | Scout Tower |
| 1:36 | Arcane Tower |
| 1:51 | Arcane Vault |
| 1:53 | Peasant |
| 1:55 | Peasant |
| 1:56 | Peasant |
| 2:11 | Blizzard |
| 2:18 | Peasant |
| 2:18 | Peasant |
| 2:20 | Guard Tower |
| 2:22 | Scout Tower |
| 2:38 | Peasant |
| 3:19 | Guard Tower |
| 3:23 | Scout Tower |
| 3:24 | Scout Tower |
| 3:37 | Keep |
| 4:06 | Guard Tower |
| 4:09 | Scout Tower |
| 4:12 | Scout Tower |
| 4:19 | Brilliance Aura |
| 4:22 | Improved Masonry |
| 4:25 | Farm |
| 4:26 | Farm |
| 4:28 | Scroll of Regeneration |
| 4:43 | Scout Tower |
| 4:44 | Scout Tower |
| 4:44 | Scout Tower |
| 4:52 | Scroll of Regeneration |
| 5:04 | Scout Tower |
| 5:05 | Scout Tower |
| 5:09 | Guard Tower |
| 5:10 | Guard Tower |
| 6:04 | Town Hall |
| 6:11 | Scout Tower |
| 6:11 | Scout Tower |
| 6:12 | Scout Tower |
| 6:13 | Scout Tower |
| 6:30 | Scout Tower |
| 6:31 | Scout Tower |
| 6:31 | Scout Tower |
| 6:32 | Scout Tower |
| 6:32 | Scout Tower |
| 6:32 | Scout Tower |
| 6:38 | Arcane Tower |
| 6:39 | Arcane Tower |
| 6:49 | Guard Tower |
| 6:54 | Storm Bolt |
| 7:11 | Guard Tower |
| 7:14 | Arcane Sanctum |
| 7:30 | Peasant |
| 7:30 | Peasant |
| 7:34 | Guard Tower |
| 7:44 | Guard Tower |
| 7:59 | Guard Tower |
| 8:02 | Blizzard |
| 8:07 | Guard Tower |
| 8:10 | Peasant |
| 8:10 | Peasant |
| 8:27 | Boots of Speed |
| 8:44 | Potion of Healing |
| 8:45 | Lesser Clarity Potion |
| 8:51 | Scout Tower |
| 8:52 | Scout Tower |
| 8:52 | Scout Tower |
| 8:53 | Guard Tower |
| 8:58 | Guard Tower |
| 8:59 | Guard Tower |
| 9:00 | Magic Sentry |
| 9:11 | Guard Tower |
| 9:11 | Guard Tower |
| 9:14 | Improved Lumber Harvesting |
| 9:17 | Peasant |
| 9:32 | Guard Tower |
| 9:59 | Priest |
| 10:01 | Guard Tower |
| 10:03 | Peasant |
| 10:05 | Advanced Masonry |
| 10:07 | Scroll of Regeneration |
| 10:12 | Bash |
| 10:14 | Scout Tower |
| 10:15 | Scout Tower |
| 10:15 | Scout Tower |
| 10:15 | Scout Tower |
| 10:16 | Scout Tower |
| 10:16 | Scout Tower |
| 10:17 | Scout Tower |
| 10:17 | Scout Tower |
| 10:18 | Scout Tower |
| 10:18 | Scout Tower |
| 10:19 | Guard Tower |
| 10:45 | Castle |
| 10:48 | Scout Tower |
| 10:49 | Scout Tower |
| 10:49 | Scout Tower |
| 10:50 | Scout Tower |
| 10:52 | Goblin Shredder |
| 11:05 | Guard Tower |
| 11:06 | Scout Tower |
| 11:07 | Scout Tower |
| 11:07 | Scout Tower |
| 11:08 | Scout Tower |
| 11:08 | Scout Tower |
| 11:09 | Scout Tower |
| 11:09 | Scout Tower |
| 11:09 | Scout Tower |
| 11:10 | Scout Tower |
| 11:15 | Staff of Teleportation |
| 11:17 | Periapt of Vitality |
| 11:20 | Boots of Speed |
| 11:22 | Circlet of Nobility |
| 11:34 | Arcane Vault |
| 11:35 | Guard Tower |
| 11:44 | Guard Tower |
| 11:56 | Guard Tower |
| 11:59 | Priest Adept Training |
| 12:00 | Sorceress Adept Training |
| 12:04 | Gryphon Aviary |
| 12:05 | Blacksmith |
| 12:18 | Guard Tower |
| 12:34 | Guard Tower |
| 12:35 | Guard Tower |
| 12:37 | Arcane Tower |
| 13:12 | Guard Tower |
| 13:18 | Staff of Sanctuary |
| 13:25 | Guard Tower |
| 13:35 | Sorceress |
| 13:36 | Dragonhawk Rider |
| 13:37 | Dragonhawk Rider |
| 13:39 | Cloud |
| 13:41 | Imbued Masonry |
| 13:58 | Orb of Fire |
| 14:11 | Staff of Sanctuary |
| 14:18 | Holy Light |
| 14:37 | Farm |
| 14:46 | Barracks |
| 14:49 | Boots of Speed |
| 14:49 | Staff of Teleportation |
| 15:05 | Guard Tower |
| 15:06 | Guard Tower |
| 15:06 | Guard Tower |
| 15:08 | Scout Tower |
| 15:08 | Scout Tower |
| 15:09 | Scout Tower |
| 15:09 | Scout Tower |
| 15:09 | Scout Tower |
| 15:24 | Storm Bolt |
| 15:36 | Brilliance Aura |
| 16:00 | Town Hall |
| 16:07 | Staff of Sanctuary |
| 16:23 | Scout Tower |
| 16:23 | Scout Tower |
| 16:24 | Scout Tower |
| 16:24 | Scout Tower |
| 16:25 | Scout Tower |
| 16:26 | Scout Tower |
| 16:26 | Scout Tower |
| 16:26 | Scout Tower |
| 16:27 | Scout Tower |
| 16:27 | Scout Tower |
| 16:28 | Scout Tower |
| 16:28 | Scout Tower |
| 16:29 | Scout Tower |
| 16:29 | Scout Tower |
| 16:30 | Scout Tower |
| 16:31 | Scout Tower |
| 16:31 | Scout Tower |
| 16:36 | Divine Shield |
| 16:40 | Guard Tower |
| 16:43 | Iron Forged Swords |
| 16:43 | Studded Leather Armor |
| 16:45 | Animal War Training |
| 17:01 | Guard Tower |
| 17:02 | Scout Tower |
| 17:02 | Scout Tower |
| 17:02 | Scout Tower |
| 17:03 | Scout Tower |
| 17:33 | Guard Tower |
| 17:37 | Guard Tower |
| 17:43 | Dragonhawk Rider |
| 17:44 | Steel Forged Swords |
| 17:56 | Staff of Teleportation |
| 18:13 | Guard Tower |
| 18:19 | Guard Tower |
| Right click | 1480 |
| Select | 538 |
| Select group | 171 |
| Build/train/purchase | 157 |
| Chat | 110 |
| Use ability | 56 |
| Assign group | 13 |
| Misc. action | 13 |
| Item give/drop | 6 |
| Remove unit | 1 |